 Dungeon Crawl Stone Soup version 0.21-a0-39-g28ea6b7 (webtiles) character file.

290 HereIgoKillingAgain the Charmwright (level 6, 0/66 HPs)
             Began as a Gnoll Skald on May 30, 2017.
             Was a Believer of Hepliaklqana.
             Slain by an adder (1 damage)
             ... on level 4 of the Dungeon.
             The game lasted 00:05:42 (4160 turns).

HereIgoKillingAgain the Charmwright (Gnoll Skald)   Turns: 4160, Time: 00:05:43

Health: 0/66       AC:  6    Str: 18    XL:     6   Next: 32%
Magic:  13/13      EV: 19    Int: 13    God:    Hepliaklqana [**....]
Gold:   153        SH:  0    Dex: 18    Spells: 3/14 levels left

rFire    + + .     SeeInvis .   a - +0 falchion
rCold    . . .     Gourm    .   (no shield)
rNeg     . . .     Faith    .   b - +0 leather armour
rPois    .         Spirit   .   m - +0 helmet
rElec    .         Reflect  .   (no cloak)
rCorr    .         Harm     .   (no gloves)
MR       .....                  l - +0 pair of boots
Stlth    ..........             (no amulet)
Regen    0.3/turn               w - ring of protection from fire
MPRegen  0.2/turn               t - ring of protection from fire

@: agile, berserking, lethally poisoned (0 -> -2), very quick
A: short attention span, reduced essence, fangs 1, strong nose
a: Recall Ancestor, Ancestor Identity, Renounce Religion


You were on level 4 of the Dungeon.
You worshipped Hepliaklqana.
Hepliaklqana was pleased with you.
You were not hungry.

You visited 1 branch of the dungeon, and saw 5 of its levels.

You collected 153 gold pieces.

Inventory:

Hand Weapons
 a - a +0 falchion (weapon)
Armour
 b - a +0 leather armour (worn)
 l - a +0 pair of boots (worn)
 m - a +0 helmet (worn)
Jewellery
 t - a ring of protection from fire (right hand)
 u - an uncursed ring of protection from cold
 w - a ring of protection from fire (left hand)
Scrolls
 g - 5 scrolls of remove curse
 i - 3 scrolls of teleportation {unknown}
 j - a scroll of fear {unknown}
 n - a scroll of enchant weapon {unknown}
 r - 2 scrolls of amnesia {unknown}
 v - a scroll of enchant armour {unknown}
 x - a scroll of fog {unknown}
Potions
 e - a potion of agility
 o - a potion of brilliance
 s - 2 potions of flight
Books
 c - a book of Battle

   Spells                             Type                      Level
   a - Infusion                       Charms                       1
   b - Shroud of Golubria             Charms/Translocation         2
   c - Song of Slaying                Charms                       2
   d - Spectral Weapon                Hexes/Charms                 3
   e - Regeneration                   Charms/Necromancy            3
Comestibles
 d - 4 bread rations
 f - 4 royal jellies
 h - a fruit
 q - 4 meat rations


   Skills:
 + Level 4.6 Fighting
 * Level 5.3 Long Blades
 * Level 4.4 Armour
 + Level 4.3 Dodging
 + Level 4.9 Spellcasting
 + Level 2.2 Hexes
 + Level 5.7 Charms
 + Level 2.1 Translocations
 + Level 1.2 Invocations


You had 3 spell levels left.
You knew the following spells:

 Your Spells              Type           Power        Failure   Level  Hunger
a - Infusion              Chrm           ###.         1%          1    None
b - Song of Slaying       Chrm           ###.....     3%          2    ##.....
c - Shroud of Golubria    Chrm/Tloc      ##........   7%          2    ##.....
d - Spectral Weapon       Hex/Chrm       ##......     13%         3    ###....
e - Regeneration          Chrm/Necr      ##........   21%         3    ###....


Dungeon Overview and Level Annotations

Branches:
Dungeon (5/15)
 Temple: D:4-7

Altars:
Dithmenos
Fedhas
Hepliaklqana
Okawaru
Qazlal


Innate Abilities, Weirdness & Mutations

You have a short attention span.
You have very sharp teeth.
Your uncanny sense of smell can sniff out nearby items.
Your life essence is reduced. (-10% HP)


Message History

* * * LOW HITPOINT WARNING * * *
There is a stone staircase leading up here.
The hound closely misses you. The adder bites you.
* * * LOW HITPOINT WARNING * * *
You are lethally poisoned!
The adder poisons you!
Paser casts a spell at the adder.
The ogre seems to slow down.
The hound barely misses you. The adder closely misses you.
You riposte.
You barely miss the adder.
You climb upwards.
* * * LOW HITPOINT WARNING * * *
You feel sick.
There is a stone staircase leading down here.
* * * LOW HITPOINT WARNING * * *
You feel sick.
It was a potion of berserk rage.
A red film seems to cover your vision as you go berserk!
You feel yourself moving faster!
You feel mighty! The hound completely misses you. The adder bites you.
You die...

#.....[..........# #
##############.#.# #
#.#.# # #.#.# #
#.#.####### #
#.#.(.....######
##.#######....)..
#####S..# ########
#..<@h..# #.###...#
#.# ##### #.#
#.####### #.......#
#######.#############
#.........)....
###############


You could see a hound and an adder.

Vanquished Creatures
  A hound (D:4)
  3 adders
  2 adder skeletons (D:4)
  2 worms (D:2)
  A dart slug (D:3)
  2 leopard geckos
  4 orcs (D:3)
  10 bats
  4 giant cockroaches
  10 goblins
  8 hobgoblins
  9 kobolds
  A quokka (D:2)
  A ball python (D:2)
  9 frilled lizards
  8 rats
75 creatures vanquished.

Vanquished Creatures (collateral kills)
  A scorpion (D:4)
  An iguana (D:5)
  A worker ant (D:5)
  3 adders
  An ooze (D:3)
  A worm (D:4)
  2 dart slugs
  2 bats (D:2)
  A goblin (D:3)
  A kobold (D:3)
  A rat (D:3)
15 creatures vanquished.

Grand Total: 90 creatures vanquished

Notes
Turn   | Place    | Note
-------+----------+-------------------------------------------
     0 | D:1      | HereIgoKillingAgain the Gnoll Skald began the quest for the Orb.
     0 | D:1      | Reached XP level 1. HP: 18/18 MP: 5/5
     1 | D:1      | Noticed a minotaur
     8 | D:1      | Noticed a formicid
    12 | D:1      | Noticed a minotaur skeleton
    13 | D:1      | Noticed a merfolk zombie
    14 | D:1      | Noticed a formicid
    18 | D:1      | Noticed a naga
   274 | D:1      | Reached XP level 2. HP: 23/24 MP: 6/6
   592 | D:1      | Reached skill level 5 in Charms
   636 | D:1      | Reached XP level 3. HP: 28/30 MP: 8/8
   939 | D:2      | Found a blossoming altar of Fedhas.
   981 | D:2      | Learned a level 2 spell: Song of Slaying
   984 | D:2      | Learned a level 2 spell: Shroud of Golubria
   988 | D:2      | Learned a level 3 spell: Spectral Weapon
   991 | D:2      | Found a shadowy altar of Dithmenos.
  1631 | D:2      | Found a hazy altar of Hepliaklqana.
  1835 | D:2      | Became a worshipper of Hepliaklqana the Forgotten
  1917 | D:2      | Reached XP level 4. HP: 30/33 MP: 9/9
  2389 | D:3      | Reached * piety under Hepliaklqana
  2407 | D:3      | Found a blossoming altar of Fedhas.
  2414 | D:3      | Found a stormy altar of Qazlal.
  2436 | D:3      | Reached skill level 1 in Hexes
  2559 | D:3      | Reached skill level 1 in Translocations
  2559 | D:3      | Reached XP level 5. HP: 20/37 MP: 11/11
  2766 | D:3      | Found an iron altar of Okawaru.
  2900 | D:4      | Reached skill level 5 in Long Blades
  3801 | D:4      | Reached XP level 6. HP: 26/44 MP: 11/13
  3809 | D:4      | Learned a level 3 spell: Regeneration
  3827 | D:4      | Reached ** piety under Hepliaklqana
  3828 | D:4      | Remembered your ancestor Paser as a hexer
  4105 | D:5      | Entered Level 5 of the Dungeon
  4118 | D:5      | Reached skill level 1 in Invocations
  4158 | D:4      | HP: 2/44 [poisoned by an adder]
  4160 | D:4      | Slain by an adder

Vault maps used:
D:1:      shiori_arrival_whats_in_store_for_you, corner_web_ring, minmay_tripent
D:2:      cheibrodos_old_hovel, nicolae_dithmenos_shadow_blocks,
          marbit_many_paths, first_bread, fedhas_altar_2
D:3:      grunt_temple_overflow_forces_of_nature, old_standard_altar
D:5:      cheibrodos_two_vegetables, good_gods_mini_temple, old_standard_altar,
          minmay_temple_entry_glassed_door, serial_shops, shop, st_stairs_10,
          uniq_sigmund

Skill      XL: |  1  2  3  4  5  6 |
---------------+-------------------+-----
Armour         | 2 3 4 |  4.4
Long Blades    | 4 5 |  5.3
Charms         | 5 |  5.7
Fighting       | 4 |  4.6
Spellcasting   | 4 |  4.9
Dodging        | 4 |  4.3
Hexes          | 1 2 |  2.2
Translocations | 1 2 |  2.1
Invocations    | 1 |  1.2

Action                   |  1- 3 |  4- 6 || total
-------------------------+-------+-------++-------
Melee: Falchion          |   161 |   129 ||   290
       Bite              |    13 |    14 ||    27
 Cast: Shroud of Golubri |     1 |       ||     1
Invok: Recall Ancestor   |       |     1 ||     1
       Ancestor Life: He |       |     1 ||     1
  Use: Scroll            |     2 |     4 ||     6
       Potion            |       |     4 ||     4
 Stab: Sleeping          |     3 |     6 ||     9
  Eat: Bread ration      |     1 |       ||     1
       Chunk             |       |     6 ||     6
Armor: Leather armour    |    33 |    34 ||    67
Dodge: Dodged            |    99 |   107 ||   206
       Rpst.: Falchion   |    32 |    27 ||    59
